 Dungeon Crawl Stone Soup version 0.17.1-3-g152610e (webtiles) character file.

42 kaze the Grave Robber (level 3, 0/26 HPs)
             Began as a Hill Orc Necromancer on Apr 1, 2016.
             Slain by Purgy (5 damage)
             ... on level 3 of the Dungeon.
             The game lasted 00:05:52 (1786 turns).

kaze the Grave Robber (Hill Orc Necromancer)        Turns: 1786, Time: 00:05:52

Health: 0/26       AC:  2    Str: 10    XL:     3   Next: 54%
Magic:  0/5        EV: 12    Int: 16    God:
Gold:   49         SH:  0    Dex: 11    Spells: 2 memorised, 3 levels left

rFire  . . .     SeeInvis .     f - +0 spear
rCold  + . .     Clarity  .     a - +0 robe
rNeg   . . .     SustAt   .     (no shield)
rPois  .         Gourm    .     (no helmet)
rElec  .         Spirit   .     (no cloak)
rCorr  .         Warding  .     (no gloves)
rMut   .         Stasis   .     (no boots)
MR     .....                    (no amulet)
Stlth  ++........               (no ring)
                                i - ring of protection from cold

@: very slightly contaminated, not resistant to hostile enchantments, unstealthy
A: no striking features
a: no special abilities


You were on level 3 of the Dungeon.
You were hungry.

You visited 1 branch of the dungeon, and saw 3 of its levels.

You collected 49 gold pieces.

Inventory:

Hand Weapons
 f - a +0 spear (weapon)
Armour
 a - a +0 robe (worn)
Jewellery
 i - a ring of protection from cold (left hand)
Scrolls
 e - a scroll of fear {unknown}
 h - a scroll of remove curse {unknown}
 l - 2 scrolls of identify {unknown}
 m - a scroll of teleportation {unknown}
Potions
 d - a potion of heal wounds {unknown}
 g - a potion of might {unknown}
Books
 b - a book of Necromancy

   Spells                             Type                      Level
   a - Pain                           Necromancy                   1
   b - Animate Skeleton               Necromancy                   1
   c - Vampiric Draining              Necromancy                   3
   d - Regeneration                   Charms/Necromancy            3
   e - Animate Dead                   Necromancy                   4
   f - Control Undead                 Necromancy                   4
Comestibles
 c - 2 bread rations
 j - 3 meat rations
 k - 2 beef jerkies
 n - 4 chunks of flesh


   Skills:
 + Level 0.2 Fighting
 + Level 0.2 Polearms
 + Level 1.9 Dodging
 + Level 1.9 Stealth
 + Level 1.8 Spellcasting
 + Level 4.5 Necromancy


You had 3 spell levels left.
You knew the following spells:

 Your Spells              Type           Power        Failure   Level  Hunger
a - Pain                  Necr           ###.         3%          1    ##.....
b - Animate Skeleton      Necr           N/A          3%          1    ##.....


Dungeon Overview and Level Annotations

Branches:
Dungeon (3/15)

Altars:
Gozag

Annotations:
D:3 Purgy


Message History

Aim: Purgy (lightly wounded, chance to defeat MR: 81%)
You miscast Pain.
You are very lightly contaminated with residual magic.
The world around you seems to dim momentarily.
Purgy misses you. Purgy claws you. Purgy claws you.
Casting: Pain
Confirm with . or Enter, or press ? or * to list all spells.
Aiming: Pain
Press: ? - help, Shift-Dir - straight line, f/p - Purgy
Aim: Purgy (chance to defeat MR: 81%) Purgy convulses in agony!
Purgy bites you but does no damage. Purgy claws you. Purgy claws you.
* * * LOW HITPOINT WARNING * * *
Casting: Pain
Confirm with . or Enter, or press ? or * to list all spells.
Aiming: Pain
Press: ? - help, Shift-Dir - straight line, f/p - Purgy
Aim: Purgy (lightly wounded, chance to defeat MR: 81%) Purgy convulses in agony!
Purgy bites you.
You die...

#...# .
########...####.#
##...?............
##.#......)..........
#...T.oo.............
..#.##o####...####.
#o## #..<# #T.# #...#
#@#.##...#
#.###.#...# ..#
#....# ..## #.#...#
## #.###### #.# #. #


You could see Purgy and 4 orcs.

Vanquished Creatures
  An ooze (D:2)
  An orc (D:3)
  5 goblins
  7 hobgoblins
  4 kobolds
  6 bats
  2 giant cockroaches (D:2)
  2 giant newts
  2 quokkas (D:2)
  3 rats
33 creatures vanquished.

Vanquished Creatures (others)
  4 toadstools (D:1)
4 creatures vanquished.

Grand Total: 37 creatures vanquished

Notes
Turn   | Place    | Note
--------------------------------------------------------------
     0 | D:1      | kaze the Hill Orc Necromancer began the quest for the Orb.
     0 | D:1      | Reached XP level 1. HP: 14/14 MP: 3/3
    24 | D:1      | Learned a level 1 spell: Animate Skeleton
   250 | D:1      | Reached XP level 2. HP: 15/20 MP: 4/4
  1126 | D:2      | Found an opulent altar of Gozag.
  1127 | D:2      | Reached XP level 3. HP: 26/26 MP: 3/5
  1776 | D:3      | Noticed Purgy
  1786 | D:3      | Slain by Purgy

Action                   || total
-------------------------++-------
Melee: Spear             ||    93
 Cast: Pain              ||    28
       Animate Skeleton  ||    10
  Eat: Chunk             ||     3
